 Dungeon Crawl Stone Soup version 0.29-a0-876-gfc89b1a5bd (webtiles) character file.

Game seed: 15701397301412576027

221 jlumianski the Chiller (level 5, -3/37 HPs)
             Began as a Demonspawn Ice Elementalist on July 19, 2022.
             Was an Initiate of Okawaru.
             Slain by a phantom (4 damage)
             ... on level 4 of the Dungeon.
             The game lasted 00:14:52 (2779 turns).

jlumianski the Chiller (DsIE)                       Turns: 2779, Time: 00:14:54

Health: -3/37      AC:  4    Str:  8    XL:     5   Next: 65%
Magic:  9/9        EV: 11    Int: 18    God:    Okawaru [......]
Gold:   133        SH:  4    Dex: 14    Spells: 2/9 levels left

rFire   . . .      SeeInvis .   e - +1 short sword (venom)
rCold   . . .      Faith    .   (no shield)
rNeg    . . .      Spirit   .   g - +0 leather armour
rPois   .          Reflect  .   (no helmet)
rElec   .          Harm     .   x - +0 cloak
rCorr   .          Rampage  .   (no gloves)
Will    .....                   (no boots)
Stlth   ++........              (no amulet)
HPRegen 0.12/turn               q - ring of flight
MPRegen 0.11/turn               (no ring)

@: flying
A: claws 1, large bone plates 1, powered by death 1
a: Renounce Religion


You were on level 4 of the Dungeon.
You worshipped Okawaru.
Okawaru was noncommittal.
You visited 1 branch of the dungeon, and saw 4 of its levels.

You collected 133 gold pieces.

Inventory:

Hand Weapons
 c - a +0 dagger
 e - a +1 short sword of venom (weapon)
 m - a +0 mace of draining
 w - a +1 morningstar of protection
Missiles
 f - 22 stones
 o - 6 datura-tipped darts
Armour
 a - a +0 robe
 g - a +0 leather armour (worn)
 x - a +0 cloak (worn)
Magical Staves
 h - a staff of conjuration
Jewellery
 q - a ring of flight (left claw)
Wands
 d - a wand of flame (17)
Scrolls
 p - a scroll of immolation {unknown}
 r - a scroll of acquirement {unknown}
 t - a scroll of fog {unknown}
 u - 2 scrolls of identify {unknown}
 v - a scroll of teleportation {unknown}
 y - a scroll of vulnerability {unknown}
Potions
 b - a potion of magic
 i - a potion of berserk rage {unknown}
 j - a potion of attraction {unknown}
 k - a potion of flight
 l - a potion of lignification {unknown}
 n - a potion of ambrosia {unknown}
 s - a potion of haste {unknown}
 z - 2 potions of curing {unknown}


   Skills:
 + Level 1.0 Fighting
 + Level 1.4 Short Blades
 + Level 1.2 Armour
 + Level 2.2 Dodging
 + Level 2.2 Stealth
 + Level 0.2 Shields
 + Level 2.9 Spellcasting
 + Level 4.5 Ice Magic
 * Level 1.1 Invocations
 * Level 1.0 Evocations


You had 2 spell levels left.
You knew the following spells:

 Your Spells              Type           Power      Damage    Failure   Level
a - Freeze                Ice            72%        1d9       3%          1
b - Frozen Ramparts       Ice            36%        1d5       11%         3
c - Ozocubu's Armour      Ice            18%        N/A       11%         3

Your spell library contained the following spells:

 Spells                   Type           Power      Damage    Failure   Level
 Apportation              Tloc           4%         N/A       24%         1
 Necrotise                Necr           8%         1d4       24%         1
 Hailstorm                Conj/Ice       10%        3d5       65%         4
 Summon Small Mammal      Summ           Unusable   N/A       N/A         1

Dungeon Overview and Level Annotations

Branches:
Dungeon (4/15)
 Temple: D:4-7

Altars:
Makhleb
Okawaru

Shops:
D:1 !


Innate Abilities, Weirdness & Mutations

You have sharp fingernails.
You are partially covered in large bone plates. (SH +4)
You regenerate a little health from kills.


Message History

The phantom hits you but does no damage.
You barely miss the phantom. Your claw misses the phantom.
The phantom is moderately damaged.
The phantom hits you.
You hit the phantom.
The phantom is heavily damaged.
The phantom hits you.
* * * LOW HITPOINT WARNING * * *
The phantom blinks!
You blink.
Okay, then.
Unknown command.
Casting: Freeze (safe; 3% risk of failure)
Confirm with . or Enter, or press ? or * to list all spells.
Okay, then.
It was a potion of flight.
You feel more buoyant. The phantom hits you.
* * * LOW HITPOINT WARNING * * *
Okay, then.
Magic courses through your body. The phantom hits you.
* * * LOW HITPOINT WARNING * * *
The phantom blinks!
You blink.
Aiming: Throw Flame
Press: ? - help, Shift-Dir - straight line, f/p - phantom
Aim: a phantom (heavily damaged, 56% to hit)
The puff of flame misses the phantom.
The phantom barely misses you.
Aiming: Throw Flame
Press: ? - help, Shift-Dir - straight line, f/p - phantom
Aim: a phantom (heavily damaged, 56% to hit)
The puff of flame hits the phantom.
The phantom is severely damaged.
The phantom hits you.
* * * LOW HITPOINT WARNING * * *
Aiming: Throw Flame
Press: ? - help, Shift-Dir - straight line, f/p - phantom
Aim: a phantom (severely damaged, 56% to hit)
The puff of flame hits the phantom.
The phantom is severely damaged.
The phantom hits you.
You die...

#.# #.# ##.# #... #..#
#..# #..# #..# #.@# #.W#
#########..###########
#...........ยง........###
#.....##.#.#######.....#
#######.###.##.#.#
###.....#### ........#
#....#.# #..........#
#######.###......#
#.#<....#...
............######
#.#.......#.


You could see a phantom.

Vanquished Creatures
  A jelly (D:2)
  2 orc wizards (D:3)
  6 adders
  A worm (D:2)
  3 dart slugs (D:1)
  3 orcs
  6 bats
  9 endoplasms
  3 giant cockroaches
  10 goblins
  4 hobgoblins
  6 jackals
  4 quokkas
  5 ball pythons
  6 frilled lizards
  3 kobolds
  6 rats
78 creatures vanquished.

Vanquished Creatures (others)
  A withered plant (D:3)
1 creature vanquished.

Grand Total: 79 creatures vanquished

Notes
Turn   | Place    | Note
-------+----------+-------------------------------------------
     0 | D:1      | jlumianski the Demonspawn Ice Elementalist began the quest
                  | for the Orb.
     0 | D:1      | Reached XP level 1. HP: 13/13 MP: 3/3
   574 | D:1      | Gained mutation: You regenerate a little health from kills.
                  | [demonic ancestry]
   574 | D:1      | Reached XP level 2. HP: 19/19 MP: 3/5
   608 | D:1      | Reached skill level 4 in Ice Magic
   667 | D:1      | Found Domo's Distillery.
  1025 | D:1      | Gained mutation: You are partially covered in large bone
                  | plates. (SH +4) [demonic ancestry]
  1025 | D:1      | Reached XP level 3. HP: 6/24 MP: 4/6
  1108 | D:1      | Learned a level 3 spell: Frozen Ramparts
  1554 | D:2      | Gained mutation: You have sharp fingernails. [demonic
                  | ancestry]
  1554 | D:2      | Reached XP level 4. HP: 20/30 MP: 5/8
  1902 | D:2      | Found an iron altar of Okawaru.
  1922 | D:2      | Became a worshipper of Warmaster Okawaru
  2129 | D:2      | Reached skill level 1 in Short Blades
  2346 | D:3      | Reached skill level 1 in Armour
  2346 | D:3      | Reached XP level 5. HP: 36/36 MP: 5/9
  2371 | D:3      | Found a burning altar of Makhleb.
  2386 | D:3      | Reached skill level 1 in Fighting
  2407 | D:3      | Learned a level 3 spell: Ozocubu's Armour
  2485 | D:3      | Reached skill level 1 in Invocations
  2698 | D:4      | Reached skill level 1 in Evocations
  2739 | D:4      | Noticed a phantom
  2778 | D:4      | HP: 1/37 [phantom (5)]
  2779 | D:4      | Slain by a phantom

Illustrated notes

Levels and vault maps discovered:
D:1:      dpeg_arrival_rooms_with_view, layout_rooms, serial_shops,
          nicolae_shop_trees, minmay_stone_trees_small
D:2:      layout_basic, basic_altar, st_stairs_7
D:3:      layout_loops_ring, mainiacjoe_overflow_tiny_flanked,
          nicolae_dithmenos_through_a_glass_darkly, zin_academy,
          kiku_gazebo_garden_becter
D:4:      layout_loops_ring, uniq_menkaure, uniq_robin

Skill      XL: |  1  2  3  4  5 |
---------------+----------------+-----
Ice Magic      | 4 |  4.5
Dodging        | 2 |  2.2
Stealth        | 2 |  2.2
Short Blades   | 1 |  1.4
Armour         | 1 |  1.2
Fighting       | 1 |  1.0
Invocations    | 1 |  1.1
Evocations     | 1 |  1.0
Shields        | |  0.2
Spellcasting   | |  2.9

Action                   |  1- 3 |  4- 6 || total
-------------------------+-------+-------++-------
Melee: Short sword       |    85 |    77 ||   162
       Dagger            |     3 |       ||     3
       Punch             |       |     1 ||     1
 Cast: Freeze            |    21 |     5 ||    26
       Frozen Ramparts   |       |    12 ||    12
Evoke: Wand              |       |     3 ||     3
  Use: Scroll            |       |     3 ||     3
       Potion            |       |     2 ||     2
 Stab: Sleeping          |       |     2 ||     2
Armor: Leather armour    |    40 |    25 ||    65
       Robe              |     2 |       ||     2
Dodge: Dodged            |    68 |    52 ||   120
Block: Other             |     6 |    16 ||    22

Table legend: (Time is in decaauts)
 A = Elapsed time spent in this place.
 B = Non-inter-level travel time spent in this place.
 C = Inter-level travel time spent in this place.
 D = Time resting spent in this place.
 E = Time spent auto-exploring this place.
 F = Levels seen in this place.
 G = Mean time per level.
                   A        B        C        D        E       F      G
               +--------+--------+--------+--------+--------+-----+--------+
         Total |   2793 |   2777 |     16 |    709 |    991 |   4 |  698.2 |
       Dungeon |   2793 |   2777 |     16 |    709 |    991 |   4 |  698.2 |
               +--------+--------+--------+--------+--------+-----+--------+

Top non-repeatable levels by time:
     D:1: 1452 daAuts
     D:2: 848 daAuts
     D:4: 250 daAuts
     D:3: 241 daAuts
